 Dungeon Crawl Stone Soup version 0.28.0-1-gb440e238dd (webtiles) character file.

Game seed: 5575034904742647312

469 dualclasshuman the Magician (level 7, -1/45 HPs)
             Began as a Djinni Fire Elementalist on Feb 25, 2022.
             Slain by a centaur zombie (2 damage)
             ... in an ossuary.
             The game lasted 00:11:19 (3571 turns).

dualclasshuman the Magician (DjFE)                  Turns: 3571, Time: 00:11:23

Health: -1/45      AC:  3    Str:  7    XL:     7   Next: 31%
Gold:   180        EV: 12    Int: 19    God:
                   SH:  0    Dex: 13

rFire   + + .      SeeInvis .   o - +0 whip (vamp)
rCold   x . .      Faith    .   (no shield)
rNeg    . . .      Spirit   .   a - +0 robe
rPois   ∞          Reflect  .   (no helmet)
rElec   .          Harm     .   j - +0 cloak
rCorr   .          Rampage  .   (no gloves)
Will    .....                   (boots unavailable)
Stlth   ++........              (no amulet)
HPRegen 0.15/turn               (no ring)
MPRegen 0.00/turn               (no ring)

@: flying
A: sickness immunity, fire resistance 2, cold vulnerability 1, float, innate
caster, HP casting, extra vitality 1
a: no special abilities


You were in an ossuary.
You visited 1 branch of the dungeon, and saw 4 of its levels.
You also visited: Ossuary.

You collected 180 gold pieces.

Inventory:

Hand Weapons
 c - a +0 dagger of flaming
 o - a +0 vampiric whip (weapon)
Missiles
 i - a boomerang
 l - 2 throwing nets
 m - 2 silver boomerangs (quivered)
Armour
 a - a +0 robe (worn)
 j - a +0 cloak (worn)
 n - a +0 animal skin
Scrolls
 f - 2 scrolls of acquirement {unknown}
 g - a scroll of torment {unknown}
 h - a scroll of teleportation {unknown}
 p - a scroll of identify {unknown}
 q - a scroll of immolation {unknown}
Potions
 b - a potion of degeneration {unknown}
 d - 2 potions of lignification {unknown}
 e - a potion of haste {unknown}
 k - a potion of curing


   Skills:
 + Level 0.1 Fighting
 + Level 2.6 Dodging
 - Level 1.6 Stealth
 * Level 5.9 Spellcasting


You couldn't memorise any spells.
You knew the following spells:

 Your Spells              Type           Power      Damage    Failure   Level
a - Foxfire               Conj/Fire      100%       2x1d9     1%          1
b - Scorch                Fire           56%        2d7       1%          2
c - Conjure Flame         Conj/Fire      28%        6-21      3%          3
d - Inner Flame           Hex/Fire       28%        N/A       3%          3
e - Flame Wave            Conj/Fire      28%        2d8       10%         4
f - Slow                  Hex            100%       N/A       1%          1
g - Searing Ray           Conj           56%        2d6       1%          2
h - Vampiric Draining     Necr           28%        2d8       3%          3
Your spell library was empty.

Dungeon Overview and Level Annotations

Branches:
Dungeon (4/15)            Ossuary (1/1)
 Temple: D:4-7

Altars:
Makhleb
Trog
Xom
Yredelemnul
Zin


Innate Abilities, Weirdness & Mutations

You are immune to sickness and miasma.
You are immune to poison.
Your flesh is very heat resistant. (rF++)
You are vulnerable to cold. (rC-)
You float through the air rather than walking.
You learn spells naturally, not from books.
Your magical power is your life essence.
You have superior vitality. (+4 MHP)


Message History

The elf zombie is engulfed in blazing flames.
Flame seeps out of the elf zombie.
The kobold zombie hits you but does no damage.
The rat zombie is engulfed in blazing flames.
You destroy the rat zombie!
The centaur zombie is engulfed in blazing flames.
The elf zombie barely misses you.
Casting: Foxfire (safe; 1% risk of failure)
Confirm with . or Enter, or press ? or * to list all spells.
Aiming: Searing Ray (safe; 1% risk of failure)
Press: ? - help, Shift-Dir - straight line, p - elf zombie The searing ray hits the centaur zombie.
The centaur zombie is moderately damaged.
The searing ray hits the elf zombie.
Flame seeps out of the elf zombie.
The elf zombie is almost destroyed. (Press . to maintain the ray.)
* * * LOW HITPOINT WARNING * * *
The centaur zombie hits you.
* * * LOW HITPOINT WARNING * * *
The centaur zombie completely misses you.
A rat zombie comes into view.
The elf zombie is engulfed in blazing flames.
The elf zombie explodes!
The fiery explosion engulfs the kobold zombie!!
You destroy the kobold zombie!
The fiery explosion engulfs the centaur zombie!!
The centaur zombie is almost destroyed.
Unknown command.
The centaur zombie is engulfed in blazing flames.
The centaur zombie hits you.
* * * LOW HITPOINT WARNING * * *
The centaur zombie barely misses you.
Casting: Searing Ray (safe; 1% risk of failure)
Confirm with . or Enter, or press ? or * to list all spells.
You conjure some foxfire!
* * * LOW HITPOINT WARNING * * *
The centaur zombie hits you.
* * * LOW HITPOINT WARNING * * *
The centaur zombie kicks you.
You die...

...........#
.......Z...#
....#+#....#
.. ##...#
#§§§# #§°§#
##§§# #Zv#
#@v# #..#
#..# #.∩#
#..# #..#
...# ...#


You could see a rat zombie and a centaur zombie (ally target).

Vanquished Creatures
  An elf zombie (Ossuary)
  A scorpion (D:2)
  A human zombie (Ossuary)
  2 orc priests (D:4)
  A bullfrog skeleton (D:4)
  An orc wizard (D:3)
  Robin (D:4)
  6 adders
  4 adder zombies (Ossuary)
  An adder skeleton (D:4)
  A worm (D:2)
  3 dart slugs
  13 orcs
  5 ball pythons
  7 bats
  6 endoplasms
  A giant cockroach (D:1)
  13 goblins
  10 hobgoblins
  4 jackals
  5 kobolds
  2 quokkas
  2 frilled lizards (D:2)
  A goblin zombie (Ossuary)
  A hobgoblin zombie (Ossuary)
  A jackal zombie (Ossuary)
  4 kobold zombies (Ossuary)
  3 quokka zombies (Ossuary)
  2 rats (D:1)
  A rat zombie (Ossuary)
104 creatures vanquished.

Vanquished Creatures (others)
  195 foxfires
195 creatures vanquished.

Grand Total: 299 creatures vanquished

Notes
Turn   | Place    | Note
-------+----------+-------------------------------------------
     0 | D:1      | dualclasshuman the Djinni Fire Elementalist began the quest
                  | for the Orb.
     0 | D:1      | Reached XP level 1. HP: 15/15 MP: 0/0
   495 | D:1      | Reached XP level 2. HP: 19/21 MP: 0/0
   777 | D:1      | Reached skill level 3 in Spellcasting
   814 | D:1      | You are sucked into a shaft and drop 1 floor!
   823 | D:2      | Reached XP level 3. HP: 8/25 MP: 0/0
   823 | D:2      | Learned a level 1 spell: Slow
  1479 | D:2      | Noticed a scorpion
  1484 | D:2      | Killed a scorpion
  1485 | D:2      | Reached skill level 4 in Spellcasting
  1485 | D:2      | Reached XP level 4. HP: 25/31 MP: 0/0
  1485 | D:2      | Reached XP level 5. HP: 28/35 MP: 0/0
  1485 | D:2      | Learned a level 2 spell: Searing Ray
  2689 | D:3      | Reached XP level 6. HP: 32/40 MP: 0/0
  3054 | D:4      | Reached skill level 5 in Spellcasting
  3093 | D:4      | Found a bloodstained altar of Trog.
  3168 | D:4      | Noticed Robin
  3183 | D:4      | Killed Robin
  3230 | D:4      | Found a burning altar of Makhleb.
  3231 | D:4      | Found a shimmering altar of Xom.
  3232 | D:4      | Found a basalt altar of Yredelemnul.
  3232 | D:4      | Found a glowing silver altar of Zin.
  3318 | D:4      | Found a sand-covered staircase.
  3342 | Ossuary  | Entered an ossuary
  3542 | Ossuary  | Reached XP level 7. HP: 28/45 MP: 0/0
  3542 | Ossuary  | Learned a level 3 spell: Vampiric Draining
  3571 | Ossuary  | HP: 1/45 [centaur zombie (4)]
  3571 | Ossuary  | Slain by a centaur zombie

Illustrated notes

Levels and vault maps discovered:
D:1:      onia_arrival_handbag, layout_basic,
          shapermc_ecumenical_altar_rom_forum, chequers_serial_rivers_room_b,
          minmay_misc_feat_diagonals, hangedman_abyss_or_decor_lesser_grid
D:2:      kennysheep_six_static_rooms, layout_rooms
D:3:      layout_rooms, mrwooster_statue_mirror, chequers_serial_rivers_micro_a
D:4:      layout_basic, mainiacjoe_overflow_alcove_3, bloody_trog,
          temple_statues, nicolae_ossuary_entry_false_entrances,
          lexackson_kobold_supper, uniq_robin
Ossuary:  minmay_ossuary_two_tombs

Skill      XL: |  1  2  3  4  5  6 |
---------------+-------------------+-----
Spellcasting   | 3 4 5 |  5.9
Fighting       | |  0.1
Dodging        | |  2.6
Stealth        | |  1.6

Action                   |  1- 3 |  4- 6 |  7- 9 || total
-------------------------+-------+-------+-------++-------
 Cast: Foxfire           |    47 |    69 |     3 ||   119
       Scorch            |    10 |    11 |       ||    21
       Searing Ray       |       |    10 |     1 ||    11
       Inner Flame       |       |     9 |     7 ||    16
       Conjure Flame     |       |     3 |       ||     3
  Use: Potion            |       |     2 |     1 ||     3
Armor: Robe              |     1 |     8 |     1 ||    10
Dodge: Dodged            |     9 |    15 |     3 ||    27
